ITL
AMARILLO ARCHDUKES @ DETROIT X-WINGS
06/23/2026
 
TOP OF THE 1ST
Amarillo Archdukes batting - Pitching for Detroit X-Wings : RHP David Escobido
Pitching: RHP David Escobido
Batting: RHB Mitsuoki Taguchi 0-0: Called Strike
0-1: Ball
1-1: Ball
2-1: Ball
3-1: Called Strike
3-2: Base on Balls
Batting: SHB António De La Cruz 0-0: Ball
1-0: Called Strike
1-1: DOUBLE (Line Drive, 89XD)
Mitsuoki Taguchi to third
Batting: LHB Chris Pryor 0-0: Foul Ball, location: 2F
0-1: Called Strike
0-2: Ground out 6-3 (Groundball, 6)
Mitsuoki Taguchi scores
Batting: RHB Tim Chambers 0-0: Foul Ball, location: 2F
0-1: SINGLE (Groundball, 6)
António De La Cruz to third
Batting: LHB Howard Lambert 0-0: Ball
1-0: SINGLE (Line Drive, 89S)
António De La Cruz scores
Tim Chambers to second
Batting: RHB Jorge Espinosa 0-0: Swinging Strike
0-1: Ball
1-1: Fly out, F5 (Popup, 5SF)
Batting: RHB Ronald Parsons 0-0: Ball
Reached via error on a dropped throw, E4
Tim Chambers to third
Howard Lambert to second
Batting: RHB Domingo Bueno 0-0: Fielders Choice at 2nd, 6-4 (Groundball, 6)
Top of the 1st over - 2 run(s), 3 hit(s), 1 error(s), 2 left on base; Amarillo 2 - Detroit 0
BOTTOM OF THE 1ST
Detroit X-Wings batting - Pitching for Amarillo Archdukes : RHP Ray McIntyre
Pitching: RHP Ray McIntyre
Batting: RHB Yoshitsune Kamida 0-0: Foul Ball, location: 2F
0-1: Swinging Strike
0-2: Strikes out looking
Batting: SHB Felipe Detorres 0-0: SINGLE (Groundball, 34D)
Batting: RHB Diego Ocampo 0-0: Ball
1-0: Called Strike
1-1: Called Strike
Throwing error on steal attempt, E2
Felipe Detorres to third
1-2: Strikes out swinging
Batting: LHB Juan Jose Pineda 0-0: Ball
1-0: Called Strike
1-1: Ball
2-1: Ball
3-1: Called Strike
3-2: Ground out 5-3 (Groundball, 56S)
Bottom of the 1st over - 0 run(s), 1 hit(s), 1 error(s), 1 left on base; Amarillo 2 - Detroit 0
TOP OF THE 2ND
Amarillo Archdukes batting - Pitching for Detroit X-Wings : RHP David Escobido
Batting: RHB Mark Roy 0-0: Ball
1-0: Called Strike
1-1: SINGLE (Line Drive, 56D)
Batting: RHB Mitsuoki Taguchi 0-0: Foul Ball, location: 2F
0-1: Fly out, F9 (Flyball, 9M)
Batting: SHB António De La Cruz 0-0: Called Strike
0-1: Ball
1-1: Fly out, F7 (Flyball, 78M)
Batting: LHB Chris Pryor 0-0: Ball
1-0: Ball
2-0: Ground out 4-3 (Groundball, 4)
Top of the 2nd over - 0 run(s), 1 hit(s), 0 error(s), 1 left on base; Amarillo 2 - Detroit 0
BOTTOM OF THE 2ND
Detroit X-Wings batting - Pitching for Amarillo Archdukes : RHP Ray McIntyre
Batting: SHB Javier Jiménez 0-0: Called Strike
0-1: Swinging Strike
0-2: Ball
1-2: Strikes out swinging
Batting: SHB Chris Byrd 0-0: Ball
1-0: Fly out, F9 (Flyball, 89M)
Batting: LHB Jeremy Cox 0-0: Ground out 4-3 (Groundball, 4)
Bottom of the 2nd over - 0 run(s), 0 hit(s), 0 error(s), 0 left on base; Amarillo 2 - Detroit 0
TOP OF THE 3RD
Amarillo Archdukes batting - Pitching for Detroit X-Wings : RHP David Escobido
Batting: RHB Tim Chambers 0-0: Foul Ball, location: 2F
0-1: Called Strike
0-2: Ball
1-2: Ball
2-2: Ground out 6-3 (Groundball, 6)
Batting: LHB Howard Lambert 0-0: Swinging Strike
0-1: Foul Ball, location: 2F
0-2: Ball
1-2: Ball
2-2: Ground out U3 (Groundball, 3L)
Batting: RHB Jorge Espinosa 0-0: Called Strike
0-1: TRIPLE (Line Drive, 89D)
Batting: RHB Ronald Parsons 0-0: Called Strike
0-1: Foul Ball, location: 2F
0-2: Ball
1-2: Foul Ball, location: 2F
1-2: Fly out, F8 (Flyball, 8RXD)
Top of the 3rd over - 0 run(s), 1 hit(s), 0 error(s), 1 left on base; Amarillo 2 - Detroit 0
BOTTOM OF THE 3RD
Detroit X-Wings batting - Pitching for Amarillo Archdukes : RHP Ray McIntyre
Batting: RHB Vincente Encarnación 0-0: Ball
1-0: Foul Ball, location: 2F
1-1: Swinging Strike
1-2: Ball
2-2: Ball
3-2: Strikes out looking
Batting: RHB Rick Anderson 0-0: Called Strike
0-1: Ball
1-1: Ball
2-1: Called Strike
2-2: Foul Ball, location: 2F
2-2: Foul Ball, location: 2F
2-2: Strikes out swinging
Batting: RHB Yoshitsune Kamida 0-0: Called Strike
0-1: Swinging Strike
0-2: Ball
1-2: Fly out, F9 (Popup, 34D)
Bottom of the 3rd over - 0 run(s), 0 hit(s), 0 error(s), 0 left on base; Amarillo 2 - Detroit 0
TOP OF THE 4TH
Amarillo Archdukes batting - Pitching for Detroit X-Wings : RHP David Escobido
Batting: RHB Domingo Bueno 0-0: Called Strike
0-1: Reached on error, E6 (Groundball, 56)
Batting: RHB Mark Roy 0-0: Ball
1-0: Ball
2-0: Ground out 4-3 (Groundball, 4)
Domingo Bueno to third
Batting: RHB Mitsuoki Taguchi 0-0: Called Strike
0-1: Ball
1-1: Foul Ball, location: 2F
1-2: Ball
2-2: Ball
3-2: Fly out, F3 (Popup, 3F)
Batting: SHB António De La Cruz 0-0: Ball
1-0: SINGLE (Groundball, 34)
Domingo Bueno scores
Batting: LHB Chris Pryor 0-0: Called Strike
0-1: Ground out 3-1 (Groundball, 3)
Top of the 4th over - 1 run(s), 1 hit(s), 1 error(s), 1 left on base; Amarillo 3 - Detroit 0
BOTTOM OF THE 4TH
Detroit X-Wings batting - Pitching for Amarillo Archdukes : RHP Ray McIntyre
Batting: SHB Felipe Detorres 0-0: SINGLE (Line Drive, 78S)
Batting: RHB Diego Ocampo 0-0: Fly out, F2 (Popup, 2LF)
Batting: LHB Juan Jose Pineda 0-0: Ball
1-0: Swinging Strike
1-1: Ball
2-1: Ball
3-1: Foul Ball, location: 2F
3-2: Grounds into double play, 4-6-3 (Groundball, 4)
Bottom of the 4th over - 0 run(s), 1 hit(s), 0 error(s), 0 left on base; Amarillo 3 - Detroit 0
TOP OF THE 5TH
Amarillo Archdukes batting - Pitching for Detroit X-Wings : RHP David Escobido
Batting: RHB Tim Chambers 0-0: Called Strike
0-1: Ball
1-1: Foul Ball, location: 2F
1-2: Ball
2-2: Foul Ball, location: 2F
2-2: Strikes out swinging
Batting: LHB Howard Lambert 0-0: Fly out, F2 (Popup, 2LF)
Batting: RHB Jorge Espinosa 0-0: Foul Ball, location: 2F
0-1: Ball
1-1: Ball
2-1: SINGLE (Groundball, 56D)
Batting: RHB Ronald Parsons 0-0: Called Strike
0-1: Ball
1-1: Called Strike
1-2: Ball
2-2: Foul Ball, location: 2F
2-2: Foul Ball, location: 2F
2-2: Foul Ball, location: 2F
2-2: Fly out, F8 (Popup, 8RS)
Top of the 5th over - 0 run(s), 1 hit(s), 0 error(s), 1 left on base; Amarillo 3 - Detroit 0
BOTTOM OF THE 5TH
Detroit X-Wings batting - Pitching for Amarillo Archdukes : RHP Ray McIntyre
Batting: SHB Javier Jiménez 0-0: Called Strike
0-1: Ball
1-1: Called Strike
1-2: Strikes out swinging
Batting: SHB Chris Byrd 0-0: Ball
1-0: Ground out U3 (Groundball, 3)
Batting: LHB Jeremy Cox 0-0: Called Strike
0-1: Ball
1-1: Foul Ball, location: 2F
1-2: Ground out 6-3 (Groundball, 6M)
Bottom of the 5th over - 0 run(s), 0 hit(s), 0 error(s), 0 left on base; Amarillo 3 - Detroit 0
TOP OF THE 6TH
Amarillo Archdukes batting - Pitching for Detroit X-Wings : RHP David Escobido
Pitching: LHP Javier Duarte
Batting: RHB Domingo Bueno 0-0: Ball
1-0: Swinging Strike
1-1: Foul Ball, location: 2F
1-2: Ball
2-2: Ball
3-2: Strikes out swinging
Batting: RHB Mark Roy 0-0: Ball
1-0: Ball
2-0: Ball
3-0: Foul Ball, location: 2F
3-1: Base on Balls
Batting: RHB Mitsuoki Taguchi 0-0: Ball
1-0: Foul Ball, location: 2F
1-1: Foul Ball, location: 2F
1-2: Ball
2-2: Fielders Choice at 2nd, 6-4 (Groundball, 6)
Batting: SHB António De La Cruz 0-0: Called Strike
0-1: Ball
1-1: Ball
2-1: Ball
3-1: SINGLE (Groundball, 6D)
Mitsuoki Taguchi to second
Batting: LHB Chris Pryor 0-0: Ball
1-0: Swinging Strike
1-1: Ball
2-1: Ball
3-1: Swinging Strike
3-2: Strikes out swinging
Top of the 6th over - 0 run(s), 1 hit(s), 0 error(s), 2 left on base; Amarillo 3 - Detroit 0
BOTTOM OF THE 6TH
Detroit X-Wings batting - Pitching for Amarillo Archdukes : RHP Ray McIntyre
Batting: RHB Vincente Encarnación 0-0: Swinging Strike
0-1: Ball
1-1: Foul Ball, location: 2F
1-2: Foul Ball, location: 2F
1-2: Ball
2-2: Foul Ball, location: 2F
2-2: Strikes out swinging
Batting: RHB Rick Anderson 0-0: Ball
1-0: Ground out 5-3 (Groundball, 56S)
Batting: RHB Yoshitsune Kamida 0-0: Ground out 6-3 (Groundball, 6)
Bottom of the 6th over - 0 run(s), 0 hit(s), 0 error(s), 0 left on base; Amarillo 3 - Detroit 0
TOP OF THE 7TH
Amarillo Archdukes batting - Pitching for Detroit X-Wings : LHP Javier Duarte
Batting: RHB Tim Chambers 0-0: Swinging Strike
0-1: Fly out, F7 (Flyball, 78D)
Batting: LHB Howard Lambert 0-0: Ball
1-0: Called Strike
1-1: Ball
2-1: SINGLE (Groundball, 4M)
Batting: RHB Jorge Espinosa 0-0: Foul Ball, location: 2F
0-1: Ball
1-1: Called Strike
1-2: SINGLE (Line Drive, 6MD)
Howard Lambert to second
Batting: RHB Ronald Parsons 0-0: Ball
1-0: Foul Ball, location: 2F
1-1: Called Strike
1-2: Strikes out swinging
Batting: RHB Domingo Bueno 0-0: Ball
1-0: SINGLE (Flyball, 7M)
Howard Lambert to third
Jorge Espinosa to second
Runner from 3rd tries for Home, SAFE, no throw or cutoff
Pitching: LHP Clarence Skerratt
Batting: RHB Mark Roy 0-0: Ground out U3 (Groundball, 3S)
Top of the 7th over - 1 run(s), 3 hit(s), 0 error(s), 2 left on base; Amarillo 4 - Detroit 0
BOTTOM OF THE 7TH
Detroit X-Wings batting - Pitching for Amarillo Archdukes : RHP Ray McIntyre
Batting: SHB Felipe Detorres 0-0: Ball
1-0: Foul Ball, location: 2F
1-1: Foul Ball, location: 2F
1-2: DOUBLE (Groundball, 3D)
Batting: RHB Diego Ocampo 0-0: Ball
1-0: Ground out 4-3 (Groundball, 4)
Felipe Detorres to third
Batting: LHB Juan Jose Pineda 0-0: Called Strike
0-1: Foul Ball, location: 2F
0-2: Ball
1-2: SINGLE (Line Drive, 56D)
Felipe Detorres scores
Batting: SHB Javier Jiménez 0-0: Ball
1-0: Ball
Juan Jose Pineda steals 2nd base
2-0: Called Strike
Juan Jose Pineda is caught stealing 3rd base
2-1: Called Strike
2-2: Ball
3-2: Strikes out swinging
Bottom of the 7th over - 1 run(s), 2 hit(s), 0 error(s), 0 left on base; Amarillo 4 - Detroit 1
TOP OF THE 8TH
Amarillo Archdukes batting - Pitching for Detroit X-Wings : LHP Clarence Skerratt
Batting: RHB Mitsuoki Taguchi 0-0: Ball
1-0: SINGLE (Line Drive, 4MD)
Batting: SHB António De La Cruz 0-0: Ball
1-0: Called Strike
1-1: Ball
2-1: Swinging Strike
2-2: Ball
3-2: Foul Ball, location: 2F
3-2: Strikes out swinging
Mitsuoki Taguchi is caught stealing 2nd base
Batter strikes out.
Batting: LHB Chris Pryor 0-0: Ball
1-0: Called Strike
1-1: Ball
2-1: Swinging Strike
2-2: Foul Ball, location: 2F
2-2: Strikes out swinging
Top of the 8th over - 0 run(s), 1 hit(s), 0 error(s), 0 left on base; Amarillo 4 - Detroit 1
BOTTOM OF THE 8TH
Detroit X-Wings batting - Pitching for Amarillo Archdukes : RHP Ray McIntyre
Pitching: RHP Ignacio Beltrán
Batting: SHB Chris Byrd 0-0: Ball
1-0: Called Strike
1-1: Swinging Strike
1-2: Ball
2-2: Ball
3-2: Strikes out swinging
Batting: LHB Jeremy Cox 0-0: Ball
1-0: Ball
2-0: Foul Ball, location: 2F
2-1: Called Strike
2-2: Foul Ball, location: 2F
2-2: Ball
3-2: Base on Balls
Pitching: RHP Mike Hodges
Batting: RHB Vincente Encarnación 0-0: Called Strike
0-1: Ball
1-1: Fly out, F7 (Flyball, 78M)
Batting: RHB Rick Anderson 0-0: Fly out, F8 (Flyball, 8LM)
Bottom of the 8th over - 0 run(s), 0 hit(s), 0 error(s), 1 left on base; Amarillo 4 - Detroit 1
TOP OF THE 9TH
Amarillo Archdukes batting - Pitching for Detroit X-Wings : LHP Clarence Skerratt
Batting: RHB Tim Chambers 0-0: Swinging Strike
0-1: Fly out, F7 (Flyball, 7D)
Batting: LHB Howard Lambert 0-0: Called Strike
0-1: Foul Ball, location: 2F
0-2: Ball
1-2: SINGLE (Flyball, 4MD)
Batting: RHB Jorge Espinosa 0-0: Ball
1-0: Ball
2-0: Ball
3-0: Called Strike
3-1: DOUBLE (Flyball, 8RD)
Howard Lambert to third
Batting: RHB Ronald Parsons 0-0: SINGLE (Groundball, 4)
Howard Lambert scores
Jorge Espinosa to third
Runner from 3rd tries for Home, SAFE, throw made home
Ronald Parsons to second
Batting: RHB Domingo Bueno 0-0: Ball
1-0: Ball
2-0: Ball
3-0: Base on Balls
Batting: RHB Mark Roy 0-0: Foul Ball, location: 2F
0-1: SINGLE (Line Drive, 4M)
Ronald Parsons to third
Domingo Bueno to second
Runner from 3rd tries for Home, SAFE, throw made home
Domingo Bueno to third
Mark Roy to second
Batting: RHB Mitsuoki Taguchi 0-0: Ball
1-0: Ball
2-0: SINGLE (Groundball, 4MD)
Domingo Bueno scores
Mark Roy to third
Runner from 3rd tries for Home, SAFE, no throw or cutoff
Pitching: RHP Carlos Díaz
Batting: SHB António De La Cruz 0-0: Ball
1-0: Ball
2-0: Swinging Strike
2-1: Foul Ball, location: 2F
2-2: SINGLE (Flyball, 7S)
Mitsuoki Taguchi to second
Batting: LHB Chris Pryor 0-0: Called Strike
0-1: SINGLE (Line Drive, 7LS)
Mitsuoki Taguchi to third
António De La Cruz to second
Runner from 3rd tries for Home, SAFE, no throw or cutoff
Batting: RHB Tim Chambers 0-0: Ball
1-0: Called Strike
1-1: Foul Ball, location: 2F
1-2: Ground out 2-3 (Groundball, 25)
António De La Cruz to third
Chris Pryor to second
Batting: LHB Howard Lambert 0-0: Called Strike
0-1: Ball
1-1: Ball
2-1: Foul Ball, location: 2F
2-2: SINGLE (Line Drive, 7S)
António De La Cruz scores
Chris Pryor to third
Runner from 3rd tries for Home, SAFE, no throw or cutoff
Batting: RHB Jorge Espinosa 0-0: Ball
Howard Lambert steals 2nd base
1-0: Ground out 5-3 (Groundball, 5)
Top of the 9th over - 8 run(s), 8 hit(s), 0 error(s), 1 left on base; Amarillo 12 - Detroit 1
BOTTOM OF THE 9TH
Detroit X-Wings batting - Pitching for Amarillo Archdukes : RHP Mike Hodges
Batting: RHB Yoshitsune Kamida 0-0: Called Strike
0-1: Ground out 5-3 (Groundball, 5S)
Batting: SHB Felipe Detorres 0-0: Ground out 4-3 (Groundball, 4M)
Batting: RHB Diego Ocampo 0-0: Called Strike
0-1: Foul Ball, location: 2F
0-2: Ball
1-2: Fly out, F9 (Flyball, 9S)
Bottom of the 9th over - 0 run(s), 0 hit(s), 0 error(s), 0 left on base; Amarillo 12 - Detroit 1
Monday, December 5th, 2016 - OOTP Baseball 17.12 Build 75